 Dungeon Crawl Stone Soup version 0.26.0-16-gc1dbca0489 (webtiles) character file.

Game seed: 9503921295135899101

143 kaeus the Sneak (level 5, -1/31 HPs)
             Began as an Octopode Hedge Wizard on Jan 21, 2021.
             Slain by a rat (3 damage)
             ... on level 3 of the Dungeon.
             The game lasted 00:04:25 (3037 turns).

kaeus the Sneak (Octopode Hedge Wizard)             Turns: 3037, Time: 00:04:26

Health: -1/31      AC:  1    Str: 10    XL:     5   Next: 25%
Magic:  10/10      EV: 14    Int: 17    God:
Gold:   124        SH:  0    Dex: 11    Spells: 3/11 levels left

rFire    . . .     SeeInvis .   a - +0 dagger
rCold    . . .     Faith    .   (no shield)
rNeg     . . .     Spirit   .   b - +0 hat
rPois    .         Reflect  .   (no amulet)
rElec    .         Harm     .   (no ring)
rCorr    .         Rampage  .   (no ring)
Will     .....                  (no ring)
Stlth    +++.......             (no ring)
HPRegen  0.10/turn              (no ring)
MPRegen  0.12/turn              (no ring)
                                (no ring)
                                (no ring)

@: no status effects
A: almost no armour, stealthy swim, amphibious, 8 rings, constrict 8, camouflage
1, gelatinous body 1
a: no special abilities


You were on level 3 of the Dungeon.
You visited 1 branch of the dungeon, and saw 3 of its levels.

You collected 124 gold pieces.

Inventory:

Hand Weapons
 a - a +0 dagger (weapon)
Armour
 b - a +0 hat (worn)
Scrolls
 c - 4 scrolls of identify
 g - a scroll of teleportation {unknown}
 k - 2 scrolls of remove curse
 l - 2 scrolls of enchant armour {unknown}
 m - a scroll of magic mapping {unknown}
 n - a scroll of random uselessness {unknown}
 q - a scroll of noise {unknown}
Potions
 d - a potion of lignification {unknown}
 e - 4 potions of curing {unknown}
 f - a potion of mutation {unknown}
 h - 2 potions of heal wounds {unknown}
 i - a potion of brilliance {unknown}
 j - a potion of resistance {unknown}
 o - a potion of haste {unknown}
 p - a potion of degeneration {unknown}


   Skills:
 + Level 2.8 Dodging
 + Level 4.1 Stealth
 + Level 3.5 Spellcasting
 + Level 2.2 Conjurations
 + Level 2.2 Summonings
 - Level 1.2 Translocations


You had 3 spell levels left.
You knew the following spells:

 Your Spells              Type           Power        Failure   Level
a - Magic Dart            Conj           40%          6%          1
b - Call Imp              Summ           10%          10%         2
c - Slow                  Hex            2%           26%         2
d - Mephitic Cloud        Conj/Pois/Air  5%           36%         3

Your spell library contained the following spells:

 Spells                   Type           Power        Failure   Level
 Blink                    Tloc           N/A          16%         2
 Conjure Flame            Conj/Fire      6%           30%         3


Dungeon Overview and Level Annotations

Branches:
Dungeon (3/15)

Altars:
Trog


Innate Abilities, Weirdness & Mutations

You cannot wear most types of armour.
You are very stealthy in the water. (Stealth+)
You are amphibious.
You can wear up to eight rings at the same time.
You can use your tentacles to constrict eight enemies at once.
Your skin changes colour to match your surroundings (Stealth+).
Your rubbery body absorbs attacks. (AC +1, EV +1)


Message History

You hit the rat. You grab the rat.
The rat is moderately wounded.
You constrict the rat. The worm closely misses you. The rat closely misses you.
The moth of wrath goads the worm on!
The worm goes berserk!
You release your grip on the rat.
The rat misses you.
The moth of wrath goads the rat on!
The rat goes berserk!
The rat bites you.
You take 4 damage, and have 10/31 hp.
The rat barely misses you.
You hit the worm. You grab the worm.
The worm is lightly wounded.
You constrict the worm. The rat misses you. The worm bites you.
* * * LOW HITPOINT WARNING * * *
You take 6 damage, and have 4/31 hp.
You release your grip on the worm.
The rat bites you.
* * * LOW HITPOINT WARNING * * *
You take 3 damage, and have 1/31 hp.
The rat misses you. The rat bites you.
You die...

.....# ####.##
...#.#### #..#
##......# ##.##
.'......# #).#
##......# ##.##
###### .+......#
####..## ##....###
##......# #......#
##......)## #########
#.###..# #........)#
#
#.....@###....#....#
#
#......r##...###....#
#
#........ww..#y#._..#
#
#......###...###....#
#
#.......##....#...)##
#
#.......##.......).#
#
#.####...##.......##
# #.# ##.####....###
#######.# #..#.######


You could see a worm (berserk) and a rat (berserk).

Vanquished Creatures
  A hound zombie (D:2)
  5 adders
  An ooze (D:3)
  2 worms
  4 dart slugs
  3 leopard geckos
  4 orcs (D:3)
  3 giant cockroaches (D:2)
  5 goblins
  5 hobgoblins
  2 jackals (D:3)
  A quokka (D:2)
  A ball python (D:3)
  5 bats
  2 frilled lizards (D:1)
  8 kobolds
  10 rats
62 creatures vanquished.

Notes
Turn   | Place    | Note
-------+----------+-------------------------------------------
     0 | D:1      | kaeus the Octopode Hedge Wizard began the quest for the
                  | Orb.
     0 | D:1      | Reached XP level 1. HP: 11/11 MP: 4/4
   361 | D:1      | Reached XP level 2. HP: 17/17 MP: 3/6
   439 | D:1      | Reached skill level 3 in Stealth
   926 | D:1      | Learned a level 2 spell: Call Imp
   929 | D:1      | Learned a level 2 spell: Slow
   974 | D:1      | Reached XP level 3. HP: 7/21 MP: 4/7
  1302 | D:2      | Learned a level 3 spell: Mephitic Cloud
  1835 | D:2      | Reached XP level 4. HP: 27/27 MP: 5/8
  2659 | D:3      | Reached skill level 4 in Stealth
  2659 | D:3      | Reached XP level 5. HP: 31/31 MP: 0/10
  3012 | D:3      | Noticed a moth of wrath
  3015 | D:3      | Found a bloodstained altar of Trog.
  3033 | D:3      | HP: 1/31 [rat (3)]
  3037 | D:3      | Slain by a rat

Illustrated notes

Levels and vault maps discovered:
D:1:      lightli_arrival_isolated_outpost, layout_loops_ring
D:2:      layout_rooms
D:3:      layout_basic, tgw_trog

Skill      XL: |  1  2  3  4 |
---------------+-------------+-----
Stealth        | 3 4 |  4.1
Conjurations   | 2 |  2.2
Summonings     | 2 |  2.2
Dodging        | |  2.8
Spellcasting   | |  3.5
Translocations | |  1.2

Action                   |  1- 3 |  4- 6 || total
-------------------------+-------+-------++-------
Melee: Dagger            |    34 |    39 ||    73
       Constrict         |     7 |    15 ||    22
       Tentacles         |     5 |     9 ||    14
 Cast: Magic Dart        |    68 |    69 ||   137
  Use: Scroll            |       |     1 ||     1
 Stab: Sleeping          |     2 |       ||     2
Armor: Skin              |     1 |     8 ||     9
Dodge: Dodged            |    36 |    46 ||    82
